 Dungeon Crawl Stone Soup version 0.22-a0-897-g1b7a381375 (webtiles) character file.

12527 IcyTea the Cleaver (level 12, -3/91 HPs)
             Began as a Formicid Fighter on July 31, 2018.
             Was an Elder of Makhleb.
             Killed from afar by an ice dragon (11 damage)
             ... with a blast of cold
             ... in an ice cave.
             The game lasted 00:51:52 (12627 turns).

IcyTea the Cleaver (Formicid Fighter)              Turns: 12627, Time: 00:51:53

Health: -3/91      AC: 13    Str: 26    XL:     12   Next: 21%
Magic:  19/19      EV: 14    Int: 13    God:    Makhleb [****..]
Gold:   768        SH: 13    Dex: 10    Spells: 10/21 levels left

rFire    . . .     SeeInvis +   a - +2 battleaxe
rCold    + + .     Gourm    .   c - +1 shield
rNeg     . . .     Faith    .   o - +2 ring mail {rC+}
rPois    .         Spirit   .   (helmet unavailable)
rElec    .         Reflect  .   A - +1 cloak
rCorr    .         Harm     .   d - +0 pair of gloves
MR       +....                  (no boots)
Stlth    ..........             s - amulet of the acrobat
HPRegen  0.25/turn              n - +4 ring of evasion
MPRegen  0.16/turn              j - ring of protection from cold

@: mighty
A: permanent stasis, dig shafts and tunnels, four strong arms, antennae 3,
yellow scales 1, blurry vision 1
a: Dig, Shaft Self, Minor Destruction, Lesser Servant of Makhleb, Major
Destruction, Renounce Religion


You were in an ice cave.
You worshipped Makhleb.
Makhleb was greatly pleased with you.
You were hungry.

You visited 2 branches of the dungeon, and saw 13 of its levels.
You also visited: Ice Cave.

You collected 768 gold pieces.

Inventory:

Hand Weapons
 a - a +2 battleaxe (weapon)
 b - a +1 hunting sling of freezing
 t - a +2 hand axe of freezing
 D - a +0 hand axe of flaming
Missiles
 l - 2 throwing nets (quivered)
 J - 65 sling bullets
Armour
 c - a +1 shield (worn)
 d - a +0 pair of gloves (worn)
 o - a +2 ring mail of cold resistance (worn)
 A - a +1 cloak (worn)
 C - a +0 ring mail of fire resistance
 G - a +2 plate armour of cold resistance
Magical Staves
 v - an uncursed staff of wizardry
Jewellery
 j - a ring of protection from cold (right hand)
 n - a +4 ring of evasion (left hand)
 s - an amulet of the acrobat (around neck)
 u - an uncursed ring of resist corrosion
 x - an uncursed ring of fire
 z - an uncursed ring of fire
 H - an uncursed ring of flight
Wands
 k - a wand of acid (6)
 p - a wand of disintegration (20)
 B - a wand of random effects (24)
 I - a wand of flame (46)
Scrolls
 e - a scroll of fog
 i - a scroll of identify
 q - 6 scrolls of remove curse
 r - 2 scrolls of magic mapping
 y - a scroll of amnesia
Potions
 g - 2 potions of curing
 h - a potion of agility
 w - 2 potions of flight
 E - a potion of might
Comestibles
 f - 25 rations


   Skills:
 - Level 7.1 Fighting
 + Level 12.2 Axes
 - Level 6.0 Armour
 - Level 10.0 Shields
 - Level 5.2 Spellcasting
 - Level 4.0 Conjurations
 - Level 3.4 Fire Magic
 - Level 1.0 Air Magic
 - Level 2.0 Poison Magic
 - Level 4.6 Invocations


You had 10 spell levels left.
You knew the following spells:

 Your Spells              Type           Power        Failure   Level  Hunger
a - Magic Dart            Conj           ##..         4%          1    None
b - Conjure Flame         Conj/Fire      ##......     17%         3    ###....
c - Throw Flame           Conj/Fire      ##....       9%          2    ##.....
d - Poisonous Vapours     Pois/Air       #.....       22%         2    ##.....
e - Mephitic Cloud        Conj/Pois/Air  #.......     30%         3    ###....

Your spell library contained the following spells:

 Spells                   Type           Power        Failure   Level  Hunger
 Fireball                 Conj/Fire      ##........   85%         5    ######.
 Slow                     Hex            #.......     38%         2    ##.....
 Freezing Cloud           Conj/Ice/Air   #.........   100%        6    #######
 Ring of Flames           Chrm/Fire      #.........   100%        7    #######
 Blink                    Tloc           N/A          38%         2    ##.....
 Iskenderun's Mystic Bla  Conj           ##......     45%         4    ####...
 Sticky Flame             Conj/Fire      ##......     50%         4    ####...
 Call Imp                 Summ           #.......     38%         2    ##.....
 Flame Tongue             Conj/Fire      ##...        6%          1    None
 Inner Flame              Hex/Fire       #.......     36%         3    ###....
 Fulminant Prism          Conj/Hex       #.........   75%         4    ####...
 Dazzling Spray           Conj/Hex       #.....       34%         3    ###....
 Force Lance              Conj/Tloc      #.......     75%         4    ####...
 Searing Ray              Conj           ##....       8%          2    ##.....


Dungeon Overview and Level Annotations

Branches:
Dungeon (12/15)            Temple (1/1) D:5            Lair (0/6) D:8
    Orc: D:9-12

Altars:
Ashenzari
Cheibriados
Dithmenos
Elyvilon
Fedhas
Gozag
Hepliaklqana
Kikubaaqudgha
Makhleb
Nemelex Xobeh
Okawaru
Qazlal
Ru
Sif Muna
Trog
Uskayaw
Vehumet
Wu Jian
Xom
Yredelemnul
Zin
The Shining One

Shops:
D:9 %


Innate Abilities, Weirdness & Mutations

You cannot be hasted, slowed, berserked, paralysed or teleported.
You can dig through walls and to a lower floor.
Your four strong arms can wield two-handed weapons with a shield.
You have a pair of large antennae on your head. (SInv)
You are partially covered in yellow scales. (AC +2)
Scrolls take you a little longer to read.


Message History

The ice dragon closely misses you.
You slash the ice dragon!
The ice dragon is heavily wounded.
You slash the ice dragon! The ice dragon breathes frost at you.
The blast of cold misses you. The ice dragon breathes frost at you.
The blast of cold hits you! You resist.
* * * LOW HITPOINT WARNING * * *
The ice dragon bites you but does no damage.
The ice dragon claws you!
* * * LOW HITPOINT WARNING * * *
You block the ice dragon's attack.
You feel better. You block the ice dragon's attack. x2
The ice dragon tramples you.
* * * LOW HITPOINT WARNING * * *
You hold your ground!
The ice dragon breathes frost at you. The blast of cold hits you! You resist.
You die...

######..
##......#
##....#### ####
### ##..####
#$$$ ##.###..##
==..$ #....#.##
..... #.##...#
......
###..#####
...D.D###@##...#
#.....#DD....##
#......####
########


You could see 2 ice dragons.

Vanquished Creatures
  A hydra (D:11)
  2 ugly things
  An elephant (D:8)
  2 ice statues (IceCv)
  2 rime drakes (IceCv)
  A troll (D:9)
  Grinder (D:6)
  A hornet (D:7)
  Sigmund (D:4)
  A wraith (D:11)
  A yak (D:8)
  A basilisk (D:8)
  3 vampire mosquitoes (D:12)
  Menkaure (D:7)
  9 orc warriors
  18 ice beasts
  3 sky beasts
  2 phantoms
  A black bear (D:7)
  8 ogres
  7 centaurs
  A crocodile (D:8)
  A big kobold (D:7)
  4 bullfrogs
  A gnoll sergeant (D:7)
  A water moccasin zombie (D:8)
  3 scorpions
  8 killer bees (D:8)
  10 wights
  A crimson imp (D:5)
  A bullfrog zombie (D:6)
  A centaur zombie (D:11)
  A jelly (D:11)
  A bullfrog skeleton (D:12)
  5 orc priests
  Crazy Yiuf (D:7)
  6 hounds
  7 orc wizards
  5 centaur skeletons
  3 iguanas
  7 worker ants
  A hound zombie (D:6)
  2 hound skeletons
  4 worker ant zombies
  7 gnolls
  4 adders
  A shadow imp (D:8)
  12 white imps (D:12)
  2 oozes
  An adder zombie (D:9)
  2 worms
  An adder skeleton (D:6)
  A dart slug (D:3)
  4 leopard geckos
  43 orcs
  A ball python (D:4)
  5 giant cockroaches
  11 hobgoblins
  14 jackals
  10 kobolds
  5 quokkas
  8 bats
  5 frilled lizards
  A giant cockroach zombie (D:5)
  7 goblins
  A leopard gecko skeleton (D:6)
  2 quokka skeletons
  8 rats
298 creatures vanquished.

Vanquished Creatures (collateral kills)
  An orc (D:10)
1 creature vanquished.

Vanquished Creatures (others)
  A worker ant (D:7)
1 creature vanquished.

Grand Total: 300 creatures vanquished

Notes
Turn   | Place    | Note
-------+----------+-------------------------------------------
     0 | D:1      | IcyTea the Formicid Fighter began the quest for the Orb.
     0 | D:1      | Reached XP level 1. HP: 18/18 MP: 1/1
    98 | D:1      | Reached XP level 2. HP: 24/24 MP: 2/2
   159 | D:1      | Reached skill level 3 in Axes
   405 | D:1      | Reached XP level 3. HP: 29/29 MP: 3/3
  1095 | D:3      | Reached skill level 4 in Axes
  1095 | D:3      | Reached XP level 4. HP: 33/35 MP: 4/4
  1503 | D:3      | Reached skill level 5 in Axes
  1503 | D:3      | Reached XP level 5. HP: 29/41 MP: 5/5
  1725 | D:3      | Reached XP level 6. HP: 8/47 MP: 6/6
  2094 | D:3      | Found a deep blue altar of Sif Muna.
  2213 | D:3      | Reached skill level 6 in Axes
  2595 | D:4      | Noticed Sigmund
  2609 | D:4      | Killed Sigmund
  2609 | D:4      | Reached skill level 7 in Axes
  2609 | D:4      | Reached XP level 7. HP: 27/52 MP: 7/7
  2759 | D:4      | Found an iron altar of Okawaru.
  2788 | D:4      | Learned a level 1 spell: Magic Dart
  3238 | D:4      | You fall through a shaft for 3 floors!
  3286 | D:6      | Reached skill level 8 in Axes
  3371 | D:5      | Entered Level 5 of the Dungeon
  3466 | D:5      | Found a staircase to the Ecumenical Temple.
  3484 | D:5      | Reached XP level 8. HP: 51/58 MP: 8/8
  3487 | Temple   | Entered the Ecumenical Temple
  3639 | Temple   | Became a worshipper of Makhleb the Destroyer
  3842 | D:5      | Found a basalt altar of Yredelemnul.
  3849 | D:5      | Found a white marble altar of Elyvilon.
  4015 | D:4      | Reached skill level 9 in Axes
  4355 | D:6      | Noticed Grinder
  4387 | D:6      | Killed Grinder
  4483 | D:6      | Reached skill level 10 in Axes
  4950 | D:6      | Reached XP level 9. HP: 64/64 MP: 9/9
  5219 | D:6      | Gained mutation: Scrolls take you a little longer to read. [potion of mutation]
  5219 | D:6      | Gained mutation: You are partially covered in yellow scales. (AC +2) [potion of mutation]
  5457 | D:6      | Reached skill level 11 in Axes
  5733 | D:7      | Noticed a hornet
  5745 | D:7      | Killed a hornet
  5877 | D:7      | Reached * piety under Makhleb
  6265 | D:7      | Found a runed door.
  6271 | D:7      | Noticed Crazy Yiuf
  6279 | D:7      | Reached skill level 12 in Axes
  6283 | D:7      | Killed Crazy Yiuf
  6519 | D:7      | Found a glowing golden altar of the Shining One.
  6665 | D:7      | Noticed Menkaure
  6670 | D:7      | Killed Menkaure
  6670 | D:7      | Reached skill level 5 in Fighting
  7202 | D:8      | Reached XP level 10. HP: 65/77 MP: 10/10
  7221 | D:8      | Found a shadowy altar of Dithmenos.
  7221 | D:8      | Found a glowing silver altar of Zin.
  7323 | D:8      | Found a staircase to the Lair.
  7323 | D:8      | Noticed an elephant
  7355 | D:8      | Reached skill level 1 in Conjurations
  7363 | D:8      | Killed an elephant
  8018 | D:8      | Found an ancient bone altar of Kikubaaqudgha.
  8208 | D:8      | Reached ** piety under Makhleb
  8413 | D:8      | Reached skill level 5 in Shields
  8815 | D:8      | You fall through a shaft for 3 floors!
  9035 | D:10     | Entered Level 10 of the Dungeon
  9645 | D:10     | Reached XP level 11. HP: 84/84 MP: 14/14
 10030 | D:9      | Found Keeth's Food Emporium.
 10225 | D:9      | Reached *** piety under Makhleb
 10604 | D:11     | Found a burning altar of Makhleb.
 10639 | D:11     | Noticed a five-headed hydra
 10649 | D:11     | Killed a one-headed hydra
 10649 | D:11     | Reached skill level 10 in Shields
 10755 | D:11     | Reached skill level 5 in Armour
 11577 | D:11     | Noticed a white ugly thing
 11588 | D:11     | Killed a white ugly thing
 11608 | D:11     | Learned a level 3 spell: Conjure Flame
 11611 | D:11     | Learned a level 2 spell: Throw Flame
 11614 | D:11     | Learned a level 2 spell: Poisonous Vapours
 11618 | D:11     | Learned a level 3 spell: Mephitic Cloud
 11661 | D:12     | Noticed a purple ugly thing
 11680 | D:12     | Killed a purple ugly thing
 11698 | D:12     | Found a frozen archway.
 11730 | D:12     | Reached **** piety under Makhleb
 11750 | IceCv    | Entered an ice cave
 11758 | IceCv    | Reached skill level 5 in Spellcasting
 11866 | IceCv    | Reached XP level 12. HP: 91/91 MP: 19/19
 11873 | IceCv    | Reached skill level 1 in Air Magic
 11903 | IceCv    | Reached skill level 1 in Fire Magic
 12610 | IceCv    | Noticed an ice dragon
 12610 | IceCv    | Noticed an ice dragon
 12626 | IceCv    | HP: 4/91 [ice dragon (7)]
 12627 | IceCv    | Killed from afar by an ice dragon

Vault maps used:
D:1:      minmay_arrival_semitransparent
D:2:      minmay_tetromino_i4
D:3:      lemuel_blue_sif_altar
D:4:      first_ration, st_stairs_4, okawaru_gym_becter, uniq_sigmund
D:5:      kennysheep_mini, lemuel_doored_altar, minmay_temple_entry_overgrown
D:6:      hangedman_abyss_or_decor_stagger, uniq_grinder
D:7:      lemuel_round_altar, grunt_ogre_cave, lemuel_flame_loot_1,
          uniq_menkaure, uniq_crazy_yiuf_cottage
D:8:      gammafunk_temple_overflow_elements, david_lair_generic, basic_altar
D:9:      david_orc_4, serial_shops, shop
D:10:     kennysheep_nondescript
D:11:     basic_altar
D:12:     portal_ice_cave_entry_imps
Temple:   nicolae_temple_elliptical
IceCv:    ice_cave_small_dragons

Skill      XL: |  1  2  3  4  5  6  7  8  9 10 11 12 |
---------------+-------------------------------------+-----
Axes           | 3 4 5 7 8 10 12 | 12.2
Fighting       | 6 7 |  7.1
Spellcasting   | 2 5 |  5.2
Conjurations   | 4 |  4.0
Armour         | 4 6 |  6.0
Shields        | 7 10 | 10.0
Invocations    | 4 |  4.6
Poison Magic   | 2 |  2.0
Air Magic      | 1 |  1.0
Fire Magic     | 3 |  3.4

Action                   |  1- 3 |  4- 6 |  7- 9 | 10-12 || total
-------------------------+-------+-------+-------+-------++-------
Melee: War axe           |   128 |   148 |   116 |       ||   392
       Hand axe          |       |       |   173 |    37 ||   210
       Battleaxe         |       |       |    82 |   571 ||   653
 Fire: Hunting sling     |     4 |       |       |       ||     4
Throw: Throwing net      |       |       |     2 |     1 ||     3
 Cast: Magic Dart        |       |       |       |     1 ||     1
       Throw Flame       |       |       |       |     5 ||     5
Invok: Lesser Servant of |       |       |       |     1 ||     1
 Abil: Dig               |       |     2 |     2 |       ||     4
Evoke: Wand              |       |       |     1 |       ||     1
  Use: Scroll            |     2 |     3 |     6 |     6 ||    17
       Potion            |       |     1 |     7 |     5 ||    13
  Eat: Chunk             |     1 |     5 |    12 |    14 ||    32
       Ration            |       |       |     1 |     1 ||     2
Armor: Scale mail        |    59 |       |       |       ||    59
       Ring mail         |       |    37 |    69 |   186 ||   292
Dodge: Dodged            |    38 |    64 |   142 |   296 ||   540
Block: Shield            |    80 |    67 |   136 |   368 ||   651

Table legend:
 A = Spawn XP
 B = Non-spawn XP
 C = Spawn XP percentage of total XP
 D = Spawn monster count
 E = Non-spawn monster count
 F = Spawn count percentage of total count
 G = Total turns spent on level
                    A         B        C        D         E        F      G
               +---------+---------+-------+---------+---------+-------+---------
         Total |       0 |   17897 |   0.0 |       0 |     299 |   0.0 | 12627
               +---------+---------+-------+---------+---------+-------+---------
           D:1 |       0 |      39 |   0.0 |       0 |      21 |   0.0 |   485
           D:2 |       0 |      23 |   0.0 |       0 |      15 |   0.0 |   514
           D:3 |       0 |     254 |   0.0 |       0 |      31 |   0.0 |  1421
           D:4 |       0 |     409 |   0.0 |       0 |      21 |   0.0 |  1015
           D:5 |       0 |     424 |   0.0 |       0 |      13 |   0.0 |   617
           D:6 |       0 |    1260 |   0.0 |       0 |      24 |   0.0 |  1476
           D:7 |       0 |    1464 |   0.0 |       0 |      30 |   0.0 |  1659
           D:8 |       0 |    2510 |   0.0 |       0 |      29 |   0.0 |  1673
           D:9 |       0 |     859 |   0.0 |       0 |      15 |   0.0 |   323
          D:10 |       0 |    1139 |   0.0 |       0 |      27 |   0.0 |  1223
          D:11 |       0 |    4137 |   0.0 |       0 |      32 |   0.0 |  1051
          D:12 |       0 |    1987 |   0.0 |       0 |      23 |   0.0 |   123
         IceCv |       0 |    3392 |   0.0 |       0 |      18 |   0.0 |   877
               +---------+---------+-------+---------+---------+-------+---------
